 Dungeon Crawl Stone Soup version 0.18.1-1-g2f07953 (webtiles) character file.

34 Eucla the Ogre Mage (level 3, 0/35 HPs)
             Began as an Ogre Air Elementalist on May 6, 2016.
             Succumbed to an adder's poison
             ... on level 2 of the Dungeon.
             The game lasted 00:04:36 (1669 turns).

Eucla the Ogre Mage (Ogre Air Elementalist)         Turns: 1669, Time: 00:04:36

Health: 0/35       AC:  3    Str: 13    XL:     3   Next: 31%
Magic:  2/6        EV: 10    Int: 14    God:
Gold:   45         SH:  0    Dex: 11    Spells: 1 memorised, 5 levels left

rFire  . . .     SeeInvis .     k - +0 whip
rCold  . . .     Gourm    .     a - +0 robe
rNeg   + . .     Faith    .     (no shield)
rPois  .         Spirit   .     (helmet restricted)
rElec  .         Dismiss  .     (no cloak)
rCorr  .         Reflect  .     (gloves unavailable)
SustAt .         Harm     .     (boots unavailable)
MR     .....                    (no amulet)
Stlth  ..........               g - ring of loudness (curse)
                                j - ring of positive energy

@: lethally poisoned (0 -> -19), not resistant to hostile enchantments,
extremely unstealthy
A: unfitting armour, tough skin 1
a: no special abilities


You were on level 2 of the Dungeon.
You were not hungry.

You visited 1 branch of the dungeon, and saw 2 of its levels.

You collected 45 gold pieces.

Inventory:

Hand Weapons
 k - a +0 whip (weapon)
Armour
 a - a +0 robe (worn)
Jewellery
 g - a cursed ring of loudness (right hand)
 j - a ring of positive energy (left hand)
Scrolls
 d - a scroll of enchant weapon {unknown}
 e - 2 scrolls of fear {unknown}
 h - 4 scrolls of remove curse {unknown}
 m - a scroll of recharging {unknown}
Potions
 f - a potion of resistance {unknown}
 l - a potion of haste {unknown}
Books
 b - a book of Air

   Spells                             Type                      Level
   a - Shock                          Conjuration/Air              1
   b - Swiftness                      Charms/Air                   2
   c - Repel Missiles                 Charms/Air                   2
   d - Static Discharge               Conjuration/Air              3
   e - Lightning Bolt                 Conjuration/Air              5
Comestibles
 c - 2 bread rations


   Skills:
 + Level 1.8 Fighting
 * Level 2.1 Maces & Flails
 - Level 2.4 Dodging
 - Level 1.5 Stealth
 - Level 2.4 Spellcasting
 - Level 0.6 Conjurations
 - Level 2.1 Air Magic


You had 5 spell levels left.
You knew the following spells:

 Your Spells              Type           Power        Failure   Level  Hunger
a - Shock                 Conj/Air       #...         14%         1    #......


Dungeon Overview and Level Annotations

Branches:
Dungeon (2/15)

Altars:


Innate Abilities, Weirdness & Mutations

You are too large for most types of armour.
You have tough skin (AC +1).


Message History

The adder is heavily wounded.
You feel sick. The adder bites you.
* * * LOW HITPOINT WARNING * * *
You are more poisoned.
The adder poisons you!
You closely miss the adder.
The adder is heavily wounded.
* * * LOW HITPOINT WARNING * * *
You feel sick. The adder barely misses you.
Unknown command.
You closely miss the adder.
The adder is heavily wounded.
* * * LOW HITPOINT WARNING * * *
You feel sick. The adder bites you.
* * * LOW HITPOINT WARNING * * *
You are more poisoned.
The adder poisons you!
Drink which item? (? for menu, Esc to quit)
It was a potion of cure mutation.
It has a very clean taste.
You die...

#.# #.......# #.# ##.#
#.......# #.# ...##
#.......# #.# .>..#
#.......# #.#
.##.###.......######.#
.....##.......##.....#
###..##.......##.#####
###..#####.#####.#
.....#####.# #@#
###.......<# #S#
#..###########†# #..#
. ...#.# #..#
<...##.#.# #...
......s..# #.###
.####..### #.. #.. ###
....


You could see an adder.

Vanquished Creatures
  An ooze (D:2)
  A dart slug (D:1)
  A giant gecko (D:1)
  5 giant cockroaches
  3 goblins (D:1)
  6 bats
  3 giant newts (D:1)
  7 kobolds
  A rat (D:1)
28 creatures vanquished.

Notes
Turn   | Place    | Note
--------------------------------------------------------------
     0 | D:1      | Eucla the Ogre Air Elementalist began the quest for the Orb.
     0 | D:1      | Reached XP level 1. HP: 16/16 MP: 3/3
     6 | D:1      | Noticed a wolf
     6 | D:1      | Noticed a worker ant
     7 | D:1      | Noticed a wyvern
     7 | D:1      | Noticed a salamander
   271 | D:1      | Reached skill level 1 in Fighting
   386 | D:1      | Reached XP level 2. HP: 15/27 MP: 0/5
  1105 | D:1      | Reached skill level 1 in Maces & Flails
  1414 | D:1      | Reached XP level 3. HP: 34/35 MP: 6/6
  1669 | D:2      | Succumbed to an adder's poison

Skill      XL: |  1  2  3 |
---------------+----------+-----
Fighting       | 1 |  1.8
Dodging        | 2 |  2.4
Maces & Flails | 1 2 |  2.1
Stealth        | |  1.5
Spellcasting   | |  2.4
Conjurations   | |  0.6
Air Magic      | |  2.1

Action                   || total
-------------------------++-------
Melee: Unarmed           ||    68
       Whip              ||    45
 Cast: Shock             ||    42
  Use: Potion            ||     2
  Eat: Pizza             ||     1
       Beef jerky        ||     1
Armor: Robe              ||    62
Dodge: Dodged            ||    90
